 Dungeon Crawl Stone Soup version 0.19.0-19-g8c6edcc (webtiles) character file.

244599 tsouns the Devastator (level 19, -9/112 HPs)
             Began as a Tengu Fire Elementalist on Nov 14, 2016.
             Was the Champion of Vehumet.
             Shot with a bolt by a yaktaur captain (27 damage)
             ... on level 3 of the Vaults on Nov 15, 2016.
             The game lasted 03:38:19 (48276 turns).

tsouns the Devastator (Tengu Fire Elementalist)    Turns: 48276, Time: 03:38:20

Health: -9/112     AC: 17    Str: 14    XL:     19   Next: 90%
Magic:  5/40       EV: 19    Int: 31    God:    Vehumet [******]
Gold:   776        SH: 14    Dex: 11    Spells: 13 memorised, 3 levels left

rFire  + + +     SeeInvis +     K - +3 Elemental Staff {rElec rF++ rC++ MR++ AC+5}
rCold  + + .     Gourm    .     m - +2 robe {MR+}
rNeg   + + .     Faith    .     k - +3 shield of Jadwou {rPois Str+6 Int+2}
rPois  +         Spirit   .     R - +2 hat {Int+3}
rElec  +         Reflect  .     u - +2 cloak {+Inv}
rCorr  .         Harm     .     H - +2 pair of gloves
MR     +++++     Clarity  +     (boots unavailable)
Stlth  +++.......               y - amulet of the Four Winds {rN+ MR+++ Clar}
                                A - ring "Egim" {rElec rF+ rN+ MR+ Int+3 Dex-5}
                                C - ring of see invisible

@: flying quickly and evasively, quick
A: beak, talons 3, able to fly 2
a: Stop Flying, Renounce Religion, Evoke Invisibility
}: 1/15 runes: gossamer


You were on level 3 of the Vaults.
You worshipped Vehumet.
Vehumet was exalted by your worship.
You were not hungry.

You visited 7 branches of the dungeon, and saw 34 of its levels.
You also visited: Labyrinth.

You collected 3404 gold pieces.
You spent 2628 gold pieces at shops.

Inventory:

Hand Weapons
 K - the +3 Elemental Staff (weapon) {rElec rF++ rC++ MR++ AC+5}
   (You found it on level 6 of the Lair of Beasts)

   It affects your AC (+5).
   It greatly protects you from fire.
   It greatly protects you from cold.
   It insulates you from electricity.
   It affects your resistance to hostile enchantments.
Missiles
 v - 16 tomahawks of returning (quivered)
 x - 12 javelins
Armour
 k - the +3 shield of Jadwou (worn) {rPois Str+6 Int+2}
   (You found it on level 13 of the Dungeon)

   It affects your strength (+6).
   It affects your intelligence (+2).
   It protects you from poison.
 m - a +2 robe of magic resistance (worn)
 u - a +2 cloak of invisibility (worn)
 H - a +2 pair of gloves (worn)
 R - a +2 hat of intelligence (worn)
Magical Staves
 s - an uncursed staff of fire
Jewellery
 e - an uncursed ring of wizardry
 y - the amulet of the Four Winds (around neck) {rN+ MR+++ Clar}
   (You bought it in a shop on level 2 of the Orcish Mines)

   [amulet of nothing]

   It protects you from negative energy.
   It affects your resistance to hostile enchantments.
   It protects you against confusion.
 A - the ring "Egim" (right hand) {rElec rF+ rN+ MR+ Int+3 Dex-5}
   (You bought it in a shop on level 14 of the Dungeon)

   [ring of positive energy]

   It affects your intelligence (+3).
   It affects your dexterity (-5).
   It protects you from fire.
   It insulates you from electricity.
   It protects you from negative energy.
   It affects your resistance to hostile enchantments.
 C - a ring of see invisible (left hand)
Wands
 g - a wand of confusion (25/48)
 D - a wand of paralysis (10/24)
 G - a wand of acid (7/15)
 J - a wand of enslavement (19/24)
 O - a wand of polymorph (13/24)
 S - a wand of lightning (9/15)
 T - a wand of iceblast (9/15)
Scrolls
 f - 2 scrolls of blinking
 h - 10 scrolls of teleportation
 j - 7 scrolls of recharging
 l - 16 scrolls of remove curse
 p - 9 scrolls of identify
 t - 7 scrolls of amnesia
 B - 7 scrolls of fog
 M - 5 scrolls of magic mapping
 N - 2 scrolls of summoning
 Q - 3 scrolls of fear
 W - a scroll of silence
Potions
 a - 3 potions of agility
 i - 7 potions of curing
 n - a potion of might
 q - 5 potions of heal wounds
 w - 2 potions of cure mutation
 z - 3 potions of ambrosia
 F - 4 potions of brilliance
 L - 2 potions of resistance
 Y - 4 potions of haste
 Z - a potion of invisibility
Books
 b - a book of Flames

   Spells                             Type                      Level
   a - Flame Tongue                   Conjuration/Fire             1
   b - Throw Flame                    Conjuration/Fire             2
   c - Conjure Flame                  Conjuration/Fire             3
   d - Inner Flame                    Hexes/Fire                   3
   e - Sticky Flame                   Conjuration/Fire             4
   f - Fireball                       Conjuration/Fire             5
 X - the Collected Works on Supportive Damage Dealing
   (You found it on level 1 of the Elven Halls)

   Spells                             Type                      Level
   a - Summon Small Mammal            Summoning                    1
   b - Throw Icicle                   Conjuration/Ice              4
   c - Summon Mana Viper              Hexes/Summoning              5
   d - Shadow Creatures               Summoning                    6
Miscellaneous
 E - a sack of spiders
 U - a phantom mirror
Comestibles
 c - 12 bread rations
 d - 13 meat rations
 o - 13 fruits


   Skills:
 - Level 10.1 Fighting
   Level 5.4 Long Blades
 - Level 8.3 Staves
 - Level 10.0 Dodging
 - Level 7.0 Stealth
 - Level 10.0 Shields
 + Level 16.4 Spellcasting
 + Level 19.7 Conjurations
   Level 3.0 Hexes
 - Level 8.8 Summonings
 - Level 1.1 Translocations
 - Level 13.3 Fire Magic
 - Level 1.1 Ice Magic
 - Level 4.6 Air Magic
 - Level 2.5 Earth Magic
 - Level 3.2 Poison Magic
 - Level 7.0 Evocations


You had 3 spell levels left.
You knew the following spells:

 Your Spells              Type           Power        Failure   Level  Hunger
a - Flame Tongue          Conj/Fire      #####        0%          1    None
b - Iron Shot             Conj/Erth      #######...   1%          6    ##.....
c - Conjure Flame         Conj/Fire      #######.     0%          3    None
d - Sticky Flame          Conj/Fire      #######.     1%          4    None
e - Fireball              Conj/Fire      #######...   1%          5    None
f - Throw Icicle          Conj/Ice       ######..     1%          4    None
g - Apportation           Tloc           ####......   1%          1    None
h - Spellforged Servitor  Conj/Summ      #######...   2%          7    ####...
i - Summon Butterflies    Summ           ######..     1%          1    None
j - Bolt of Magma         Conj/Fire/Erth #######...   1%          5    None
k - Poisonous Cloud       Conj/Pois/Air  ######....   4%          6    ##.....
l - Blink                 Tloc           N/A          3%          2    None
m - Repel Missiles        Chrm/Air       #####.       1%          2    None


Dungeon Overview and Level Annotations

Branches:
Dungeon (15/15)            Temple (0/1) D:6            Lair (6/6) D:11
 Shoals (1/4) Lair:3       Spider (4/4) Lair:2        Slime (0/5) Lair:5
    Orc (2/2) D:12            Elf (3/3) Orc:2        Vaults (3/5) D:13
  Crypt (0/3) Vaults:2     Depths (0/5) D:15

Altars:
Ashenzari
Dithmenos
Elyvilon
Gozag
Hepliaklqana
Kikubaaqudgha
Nemelex Xobeh
Sif Muna
Trog
Uskayaw
Vehumet
Xom
Yredelemnul

Shops:
D:8 ([}   D:11 ?   D:14 *=   Orc:1 ?   Orc:2 =?[([   Elf:1 *:

Annotations:
Shoals:1 Aizul, Nikola
Elf:2 3 runed doors


Innate Abilities, Weirdness & Mutations

You have a beak for a mouth.
You have claws for feet.
You can fly continuously.


Message History

The yaktaur wields an arbalest.
The yaktaur shoots a bolt.
The bolt closely misses you.
Unknown command.
Evoke which item? (* to show all) (? for menu, Esc to quit)
Zapping:
J - a wand of enslavement (will waste charges)
Press: ? - help, Shift-Dir - straight line, f/p - yaktaur
Aim: a yaktaur, wielding an arbalest (moderately wounded, chance to defeat MR: 43%)
The yaktaur is charmed.
Evoking this partially-identified wand wasted a few charges.
Something hits your yaktaur.
Your yaktaur unwields an uncursed arbalest.
Your yaktaur hits something. Something hits your yaktaur!!
Your yaktaur dies!
The yaktaur captain wields an arbalest.
The yaktaur captain shoots a bolt.
The bolt hits you!
* * * LOW HITPOINT WARNING * * *
You see here a bolt.
The yaktaur captain shoots a bolt.
The bolt hits you!!
You die...

.# #......# ##### ##
#......# #...# #
#..†...###...### #
#...††.'.......# #
#......#.......#
#######+####.......#
+.........####...###
#.........# #...#
#..c......####+#@####
#..c§§....#(..(.....#
').§§.....#.........#
#).§§§§..(#(........#
#......§§.#(........#
#........c).........#
#...).....#...[.....#
...)......###########
#.........#


You could see a yaktaur captain.

Vanquished Creatures
  An ancient champion (Vaults:2)
  Kirke (Lair:5)
  A fire giant (Vaults:2)
  6 vault wardens
  A deep elf sorcerer (Elf:1)
  5 ghost moths
  12 emperor scorpions
  A deep elf elementalist (Elf:2)
  4 ironheart preservers
  3 stone giants
  A vampire knight (Vaults:2)
  3 entropy weavers
  Nessos (Lair:5)
  2 deep elf annihilators
  Snorg (Lair:5)
  2 ettins
  An ettin (shapeshifter) (Elf:1)
  A deep elf death mage (Elf:2)
  A fire dragon (Vaults:2)
  A minotaur (Lab)
  3 yaktaur captains
  The ghost of Charly the Cleaver, a journeyman MiBe of Trog (Orc:2)
  A great orb of eyes (Vaults:3)
  2 ice dragons
  2 vault guards (Vaults:2)
  4 hydras
  2 catoblepae (Lair:6)
  6 rakshasas
  A death knight (Vaults:2)
  A queen ant (shapeshifter) (Elf:2)
  3 centaur warriors
  4 ogre magi
  6 death yaks (Lair:6)
  A tengu warrior (D:14)
  A deep troll shaman (Lair:6)
  10 dancing weapons
  Urug (Orc:2)
  A vampire mage (Vaults:2)
  A deep troll earth mage (Vaults:3)
  3 orc high priests (Orc:2)
  13 deep elf knights
  3 deep trolls (Vaults:3)
  A flayed ghost (Vaults:2)
  A glowing orange brain (Vaults:1)
  3 wizards
  2 unseen horrors
  An obsidian statue (D:15)
  8 hill giants
  An unseen horror (shapeshifter) (D:13)
  6 ironbrand convokers
  12 deep elf archers
  A lindwurm (Lair:6)
  An orb spider (shapeshifter) (D:13)
  An orange crystal statue (D:15)
  30 wolf spiders
  10 orc knights
  3 oklob plants (Lair:6)
  37 ugly things
  39 deep elf magi
  3 cyclopes
  16 orb spiders
  A moth of wrath (Spider:4)
  3 orc sorcerers (Orc:2)
  10 elephants
  3 manticores
  5 centaur zombies
  A siren (Lair:3)
  2 black mambas
  A guardian serpent (shapeshifter) (Vaults:3)
  4 vault sentinels
  An ice statue (D:10)
  A water nymph (Lair:3)
  2 gargoyles (D:10)
  3 torpor snails
  13 spiny frogs
  A freezing wraith (Vaults:2)
  A rime drake (Lair:4)
  15 demonic crawlers
  2 kobold demonologists (D:11)
  26 yaktaurs
  An efreet (D:14)
  4 komodo dragons
  A merfolk (Lair:3)
  A tengu conjurer (D:14)
  A queen bee (D:11)
  27 jumping spiders
  6 meliai
  9 trolls
  A jumping spider (shapeshifter) (D:15)
  A hornet (shapeshifter) (Vaults:2)
  A two-headed ogre (shapeshifter) (D:13)
  6 hornets
  A minotaur skeleton (Lab)
  15 blink frogs
  9 two-headed ogres
  15 slime creatures
  10 dream sheep (Lair:5)
  A sphinx simulacrum (Vaults:2)
  69 redbacks
  12 hippogriffs
  2 air elementals
  A flying skull (Vaults:2)
  4 water elementals
  A tarantella (shapeshifter) (Vaults:2)
  A wraith (D:11)
  3 hogs (Lair:5)
  4 wyverns
  3 fire elementals
  26 tarantellas
  A hog (shapeshifter) (Vaults:3)
  56 yaks
  6 hungry ghosts
  3 basilisks
  4 vampire mosquitoes (D:14)
  Edmund (D:5)
  A mottled dragon (Vaults:1)
  8 water moccasins
  12 porcupines
  30 orc warriors
  5 sky beasts
  5 black bears
  7 ice beasts
  2 phantoms
  2 necrophages
  20 ogres
  17 wolves
  14 centaurs
  14 crocodiles
  4 big kobolds
  Blork the orc (D:4)
  17 bullfrogs
  2 gnoll sergeants
  2 earth elementals (Elf:1)
  5 scorpions
  A human simulacrum (Vaults:3)
  28 killer bees
  17 wights
  6 jellies
  3 howler monkeys
  A vampire bat (Lair:6)
  A bullfrog zombie (D:11)
  3 electric eels
  6 crimson imps
  5 bullfrog skeletons
  2 quasits
  9 centaur skeletons
  A gnoll shaman (D:7)
  23 orc priests
  12 hounds
  26 orc wizards
  Crazy Yiuf (D:2)
  3 iguanas
  12 worker ants
  A hound skeleton (D:5)
  10 gnolls
  2 river rats (D:11)
  11 adders
  3 shadow imps
  An ooze (D:3)
  An adder zombie (D:5)
  An adder skeleton (D:5)
  7 worms
  2 dart slugs
  8 leopard geckos
  88 orcs
  19 bats
  7 giant cockroaches
  2 gnoll zombies (D:7)
  13 goblins
  6 hobgoblins
  19 jackals
  9 quokkas
  3 frilled lizards (D:5)
  10 kobolds
  A leopard gecko skeleton (D:4)
  A quokka zombie (D:5)
  11 rats
  2 bushes (Lair:6)
  8 fungi
  14 plants
1285 creatures vanquished.

Vanquished Creatures (collateral kills)
  A lich (Vaults:3)
  A vault warden (Vaults:3)
  A fire dragon (Vaults:3)
  4 ugly things (Vaults:3)
  A jumping spider (Spider:4)
  5 redbacks (Spider:4)
13 creatures vanquished.

Vanquished Creatures (others)
  A vault sentinel (Vaults:1)
  A yaktaur (Vaults:3)
  A water elemental (Elf:1)
  An orc priest (Orc:2)
  68 fungi
  45 plants
117 creatures vanquished.

Grand Total: 1415 creatures vanquished

Notes
Turn   | Place    | Note
-------+----------+-------------------------------------------
     0 | D:1      | tsouns the Tengu Fire Elementalist began the quest for the Orb.
     0 | D:1      | Reached XP level 1. HP: 10/10 MP: 4/4
   128 | D:1      | Reached XP level 2. HP: 15/15 MP: 4/6
   662 | D:2      | Reached skill level 2 in Conjurations
   795 | D:2      | Learned a level 2 spell: Throw Flame
   865 | D:2      | Reached XP level 3. HP: 19/19 MP: 4/7
  1012 | D:2      | Learned a level 3 spell: Conjure Flame
  1056 | D:2      | Found a bloodstained altar of Trog.
  1056 | D:2      | Found a deep blue altar of Sif Muna.
  1182 | D:2      | Reached XP level 4. HP: 22/24 MP: 5/9
  1205 | D:2      | Reached skill level 3 in Conjurations
  1638 | D:2      | Found a runed door.
  1642 | D:2      | Noticed Crazy Yiuf
  1672 | D:2      | Killed Crazy Yiuf
  1988 | D:3      | Found a radiant altar of Vehumet.
  2041 | D:3      | Became a worshipper of Vehumet
  2093 | D:3      | Gained mutation: You can fly. [Tengu growth]
  2093 | D:3      | Reached XP level 5. HP: 27/28 MP: 5/10
  2219 | D:3      | Learned a level 4 spell: Sticky Flame
  2662 | D:4      | Reached skill level 4 in Conjurations
  2757 | D:4      | Reached * piety under Vehumet
  2757 | D:4      | Offered knowledge of Magic Dart by Vehumet.
  2757 | D:4      | Reached skill level 5 in Fire Magic
  2757 | D:4      | Reached XP level 6. HP: 32/32 MP: 7/12
  3490 | D:4      | Reached skill level 5 in Conjurations
  3533 | D:4      | Noticed Blork the orc
  3614 | D:4      | Killed Blork the orc
  3614 | D:4      | Reached XP level 7. HP: 27/36 MP: 5/14
  3862 | D:4      | Offered knowledge of Sandblast by Vehumet.
  4033 | D:5      | Entered Level 5 of the Dungeon
  4046 | D:5      | Found a white marble altar of Elyvilon.
  4174 | D:5      | Noticed a dagger
  4174 | D:5      | Found a hide-covered altar of Uskayaw.
  4175 | D:5      | Noticed a hand axe
  4186 | D:5      | Learned a level 5 spell: Fireball
  4211 | D:5      | Reached skill level 6 in Conjurations
  4252 | D:5      | Found an opulent altar of Gozag.
  4267 | D:5      | Reached ** piety under Vehumet
  4302 | D:5      | Reached XP level 8. HP: 41/41 MP: 10/16
  4326 | D:5      | Reached skill level 5 in Spellcasting
  4456 | D:5      | Noticed Edmund
  4472 | D:5      | Killed Edmund
  4472 | D:5      | Reached skill level 7 in Conjurations
  4609 | D:5      | Found a shattered altar of Ashenzari.
  4655 | D:5      | Found a shattered altar of Ashenzari.
  5156 | D:6      | Found a hazy altar of Hepliaklqana.
  5239 | D:6      | Found a staircase to the Ecumenical Temple.
  5429 | D:6      | Reached skill level 8 in Conjurations
  5542 | D:6      | Reached XP level 9. HP: 45/45 MP: 12/19
  6235 | D:7      | Identified Pulaw's Reference Book on Displacement and Battle Magic
  6265 | D:7      | Offered knowledge of Stone Arrow by Vehumet.
  6265 | D:7      | Reached skill level 9 in Conjurations
  6603 | D:7      | Found an ancient bone altar of Kikubaaqudgha.
  6674 | D:7      | Found a basalt altar of Yredelemnul.
  6778 | D:7      | Found a shadowy altar of Dithmenos.
  7111 | D:8      | Reached *** piety under Vehumet
  7168 | D:8      | Found Kirusew's Antique Weapon Shop.
  7189 | D:8      | Bought a faintly glowing falchion for 160 gold pieces
  7189 | D:8      | Identified the +8 falchion of the Four Ships {flame, rElec Int+3 Stlth+} (You bought it in a shop on level 8 of the Dungeon)
  7222 | D:8      | Found Tyhyemp's Armour Boutique.
  7238 | D:8      | Bought a +0 pair of gloves for 54 gold pieces
  7311 | D:8      | Reached skill level 1 in Fighting
  7311 | D:8      | Reached skill level 10 in Conjurations
  7311 | D:8      | Reached XP level 10. HP: 19/52 MP: 14/22
  7313 | D:8      | Offered knowledge of Throw Icicle by Vehumet.
  7510 | D:8      | Learned a level 4 spell: Throw Icicle
  7562 | D:8      | Found a sparkling altar of Nemelex Xobeh.
  7695 | D:8      | Found Zufurgh's Gadget Shoppe.
  8876 | D:9      | Identified a scroll of acquirement
  9036 | D:9      | Reached skill level 10 in Fire Magic
  9381 | D:9      | Reached **** piety under Vehumet
  9583 | D:10     | Entered Level 10 of the Dungeon
  9604 | D:10     | Noticed a gargoyle
  9610 | D:10     | Killed a gargoyle
  9746 | D:10     | Noticed a hill giant
  9755 | D:10     | Killed a hill giant
  9755 | D:10     | Reached skill level 5 in Stealth
  9755 | D:10     | Reached skill level 11 in Conjurations
  9819 | D:10     | Reached XP level 11. HP: 61/61 MP: 9/24
  9971 | D:10     | Offered knowledge of Fulminant Prism by Vehumet.
 10023 | D:10     | Noticed an unseen horror
 10028 | D:10     | Killed an unseen horror
 10072 | D:10     | Noticed a hill giant
 10087 | D:10     | Killed a hill giant
 10327 | D:10     | Noticed a white ugly thing
 10343 | D:10     | Killed a white ugly thing
 10624 | D:10     | Reached skill level 5 in Fighting
 11478 | D:11     | Noticed a seven-headed hydra
 11484 | D:11     | Killed a seven-headed hydra
 11575 | D:11     | Noticed a cyclops
 11591 | D:11     | Killed a cyclops
 11720 | D:11     | Noticed a hill giant
 11859 | D:10     | Reached ***** piety under Vehumet
 11879 | D:10     | Offered knowledge of Ozocubu's Refrigeration by Vehumet.
 12072 | D:11     | Noticed a green ugly thing
 12076 | D:11     | Noticed a hill giant
 12086 | D:11     | Killed a green ugly thing
 12086 | D:11     | Reached skill level 5 in Dodging
 12086 | D:11     | Reached XP level 12. HP: 70/71 MP: 3/26
 12199 | D:11     | Found Fani's Magic Scroll Emporium.
 12476 | D:11     | Bought a scroll of enchant armour for 120 gold pieces
 12476 | D:11     | Bought a scroll of fear for 56 gold pieces
 12476 | D:11     | Bought a scroll of recharging for 152 gold pieces
 12476 | D:11     | Bought a scroll of recharging for 152 gold pieces
 12558 | D:11     | Learned a level 1 spell: Apportation
 12562 | D:11     | Learned a level 3 spell: Confuse
 13194 | D:11     | Reached skill level 1 in Hexes
 13662 | D:11     | Found a staircase to the Lair.
 13986 | Lair:1   | Entered Level 1 of the Lair of Beasts
 13993 | Lair:1   | Reached skill level 1 in Shields
 14194 | Lair:1   | Reached skill level 10 in Spellcasting
 14251 | Lair:1   | Got a shimmering ruby amulet
 14252 | Lair:1   | Identified the amulet of Dopap {Gourm rN+} (You acquired it on level 1 of the Lair of Beasts)
 15084 | Lair:2   | Reached skill level 12 in Conjurations
 15092 | Lair:2   | Reached skill level 1 in Long Blades
 15097 | Lair:2   | Reached XP level 13. HP: 76/76 MP: 2/28
 16058 | Lair:2   | Found a hole to the Spider Nest.
 16918 | Lair:3   | Found a staircase to the Shoals.
 17125 | Lair:4   | Found a labyrinth entrance.
 17134 | Lab      | Entered a labyrinth
 17580 | Lab      | Noticed a minotaur
 17584 | Lab      | Killed a minotaur
 17588 | Lab      | Got a slimy long sword {pain}
 17592 | Lab      | Got a clouded platinum ring
 17598 | Lab      | Identified the ring "Wesmauro" {+Fly Int+2} (You found it in a labyrinth)
 17603 | Lab      | Identified Sif Muna's Handbook of Protection
 17646 | Lair:4   | Identified the +11 long sword of Dullness {pain, rElec rN++ Str+3} (You took it off a minotaur in a labyrinth)
 17653 | Lair:4   | Learned a level 1 spell: Summon Butterflies
 17715 | Lair:4   | Offered knowledge of Lightning Bolt by Vehumet.
 18577 | Lair:4   | Reached skill level 13 in Conjurations
 19044 | Lair:5   | Reached skill level 5 in Long Blades
 19232 | Lair:5   | Noticed Nessos
 19235 | Lair:5   | Killed Nessos
 19388 | Lair:5   | Noticed Kirke
 19562 | Lair:5   | Noticed Snorg
 19710 | Lair:4   | Gained mutation: You can fly continuously. [Tengu growth]
 19710 | Lair:4   | Reached XP level 14. HP: 70/84 MP: 23/30
 19842 | Lair:5   | Killed Kirke
 20405 | Lair:5   | Killed Snorg
 20507 | Lair:5   | Reached skill level 14 in Conjurations
 20690 | Lair:5   | Found a staircase to the Slime Pits.
 20844 | Lair:6   | Entered Level 6 of the Lair of Beasts
 20881 | Lair:6   | Offered knowledge of Bolt of Magma by Vehumet.
 21017 | Lair:6   | Identified Ravyttao's Almanac of Enthralling Intoxication
 21026 | Lair:6   | Learned a level 5 spell: Bolt of Magma
 22253 | Lair:6   | Offered knowledge of Poisonous Cloud by Vehumet.
 22262 | Lair:6   | Learned a level 6 spell: Poisonous Cloud
 22776 | Lair:6   | Reached skill level 1 in Air Magic
 22992 | Lair:6   | Reached skill level 1 in Summonings
 23007 | Lair:6   | Reached skill level 1 in Translocations
 23007 | Lair:6   | Reached skill level 1 in Ice Magic
 23007 | Lair:6   | Reached skill level 1 in Poison Magic
 23178 | Lair:6   | Reached XP level 15. HP: 88/89 MP: 9/32
 23301 | Lair:6   | Reached skill level 15 in Conjurations
 23332 | Lair:6   | Got a jewelled glaive
 23333 | Lair:6   | Identified the +7 glaive "Xupof" {chop, Str+5 Int+4 Dex-3} (You found it on level 6 of the Lair of Beasts)
 23507 | D:12     | Found a staircase to the Orcish Mines.
 23720 | D:12     | Reached skill level 1 in Staves
 23732 | D:12     | Reached skill level 1 in Evocations
 24784 | D:13     | Found a gate to the Vaults.
 24788 | D:13     | Got a fine shield
 24799 | D:13     | Identified the +3 shield of Jadwou {rPois Str+6 Int+2} (You found it on level 13 of the Dungeon)
 25175 | D:14     | Reached skill level 5 in Shields
 25759 | D:14     | Reached ****** piety under Vehumet
 25783 | D:14     | Found Jesteen's Jewellery Boutique.
 25861 | D:14     | Bought the ring "Egim" {rElec rF+ rN+ MR+ Int+3 Dex-5} for 508 gold pieces
 25861 | D:14     | Bought a cursed ring of teleportation for 54 gold pieces
 25959 | D:14     | Found Kiabal's Assorted Antiques.
 26167 | D:15     | Entered Level 15 of the Dungeon
 26180 | D:15     | Offered knowledge of Conjure Ball Lightning by Vehumet.
 26819 | D:15     | Noticed an emperor scorpion
 26832 | D:15     | Killed an emperor scorpion
 27574 | D:15     | Found a staircase to the Depths.
 27664 | D:15     | Got a faintly glowing war axe
 27665 | D:15     | Identified the +6 war axe of the Aged Stars {flame, rElec} (You found it on level 15 of the Dungeon)
 27789 | Orc:1    | Entered Level 1 of the Orcish Mines
 28525 | D:12     | Got a shimmering robe
 28541 | D:12     | Identified the +1 robe of Toffaig {Int+3} (You took it off a crimson imp on level 12 of the Dungeon)
 28562 | Orc:1    | Found Usmiudau's Magic Scroll Shop.
 28579 | Orc:1    | Bought a scroll of teleportation for 51 gold pieces
 28721 | Orc:1    | Offered knowledge of Spellforged Servitor by Vehumet.
 28751 | Orc:1    | Learned a level 7 spell: Spellforged Servitor
 28759 | Orc:1    | Reached XP level 16. HP: 83/94 MP: 7/34
 29532 | Orc:2    | Entered Level 2 of the Orcish Mines
 29535 | Orc:2    | Noticed Urug
 29537 | Orc:2    | Killed Urug
 29540 | Orc:2    | Noticed Charly's ghost (journeyman MiBe)
 29674 | Orc:2    | Found a staircase to the Elven Halls.
 29905 | Orc:2    | Found Lacuocol's Armour Boutique.
 29922 | Orc:2    | Bought a +1 cloak of invisibility for 264 gold pieces
 30156 | Orc:2    | Killed Charly's ghost
 30469 | Orc:2    | Reached skill level 16 in Conjurations
 30622 | Orc:2    | Found Wofrocu's Antique Weapon Shoppe.
 30622 | Orc:2    | Found Umafac's Jewellery Shop.
 30682 | Orc:2    | Found Yfuenkat's Antique Armour Shoppe.
 30682 | Orc:2    | Found Ichiplo's Magic Scroll Shop.
 30699 | Orc:2    | Bought the amulet of the Four Winds {rN+ MR+++ Clar} for 358 gold pieces
 30706 | Orc:2    | Bought a scroll of enchant armour for 112 gold pieces
 30713 | Orc:2    | Bought a scroll of summoning for 142 gold pieces
 30713 | Orc:2    | Bought a scroll of teleportation for 45 gold pieces
 30862 | Spider:1 | Entered Level 1 of the Spider Nest
 31544 | Spider:1 | Reached skill level 5 in Evocations
 32074 | Spider:2 | Offered knowledge of Iron Shot by Vehumet.
 32075 | Spider:2 | Reached skill level 5 in Summonings
 33509 | Spider:2 | Learned a level 6 spell: Iron Shot
 34241 | Spider:3 | Reached skill level 17 in Conjurations
 34329 | Spider:2 | Offered knowledge of Shatter by Vehumet.
 34329 | Spider:2 | Offered knowledge of Chain Lightning by Vehumet.
 34329 | Spider:2 | Offered knowledge of Tornado by Vehumet.
 35106 | Spider:3 | Reached XP level 17. HP: 74/99 MP: 3/36
 36458 | Spider:4 | Entered Level 4 of the Spider Nest
 37486 | Spider:4 | Got a twitching platinum ring
 37489 | Spider:4 | Identified the ring "Quhoros" {rPois Str+4 Dex+4} (You found it on level 4 of the Spider Nest)
 38647 | Spider:4 | Reached skill level 5 in Staves
 39644 | Spider:4 | Got a gossamer rune of Zot
 39840 | Shoals:1 | Entered Level 1 of the Shoals
 39840 | Shoals:1 | Noticed Nikola
 40052 | Shoals:1 | Noticed Aizul
 40181 | Elf:1    | Entered Level 1 of the Elven Halls
 40215 | Elf:1    | Reached skill level 10 in Fighting
 40720 | Elf:1    | Reached XP level 18. HP: 85/107 MP: 18/37
 40721 | Elf:1    | Found Ajulaen's Book Emporium.
 40806 | Elf:1    | Found Unicius's General Store.
 40809 | Elf:1    | Bought a book of Minor Magic for 400 gold pieces
 40812 | Elf:1    | Learned a level 2 spell: Blink
 40827 | Elf:1    | Got a twisted robe
 40838 | Elf:1    | Identified the +2 robe "Orhybbihott" {-Cast rCorr Str+9 Stlth-} (You found it on level 1 of the Elven Halls)
 41299 | Elf:1    | Identified the Collected Works on Supportive Damage Dealing
 41327 | Elf:1    | Reached skill level 15 in Spellcasting
 42234 | Elf:2    | Learned a level 2 spell: Repel Missiles
 42396 | Elf:2    | Found a runed gate.
 42396 | Elf:2    | Found a runed gate.
 42400 | Elf:2    | Found a runed gate.
 43028 | Elf:3    | Entered Level 3 of the Elven Halls
 43199 | Vaults:1 | Entered Level 1 of the Vaults
 43293 | D:13     | Reached skill level 10 in Shields
 43567 | Vaults:1 | Reached skill level 1 in Earth Magic
 44142 | Vaults:1 | Found a shimmering altar of Xom.
 44391 | Vaults:1 | Reached skill level 18 in Conjurations
 45052 | Vaults:2 | Reached XP level 19. HP: 112/112 MP: 19/39
 45851 | Vaults:2 | Reached skill level 10 in Dodging
 46553 | Vaults:2 | Found a staircase to the Crypt.
 46596 | Vaults:2 | Reached skill level 19 in Conjurations
 46823 | Vaults:3 | Noticed a tentacled monstrosity
 46826 | Vaults:3 | Noticed a tentacled monstrosity
 47853 | Vaults:3 | Noticed a lich
 48240 | Vaults:3 | Killed a lich
 48276 | Vaults:3 | Shot with a bolt by a yaktaur captain

Skill      XL: |  1  2  3  4  5  6  7  8  9 10 11 12 13 14 15 16 17 18 19 |
---------------+----------------------------------------------------------+-----
Conjurations   | 2 3 4 5 6 8 10 11 12 13 14 15 17 18 19 | 19.7
Fire Magic     | 4 5 6 7 9 10 11 12 13 | 13.3
Spellcasting   | 3 4 6 7 8 9 10 11 12 13 14 15 16 | 16.4
Fighting       | 1 4 6 7 8 10 | 10.1
Stealth        | 5 6 7 |  7.0
Dodging        | 5 6 8 9 10 | 10.0
Hexes          | 3 |  3.0
Shields        | 4 7 9 10 | 10.0
Long Blades    | 1 5 |  5.4
Air Magic      | 2 4 |  4.6
Summonings     | 1 2 5 8 |  8.8
Translocations | 1 |  1.1
Ice Magic      | 1 |  1.1
Poison Magic   | 1 3 |  3.2
Staves         | 3 6 7 8 |  8.3
Evocations     | 3 6 7 |  7.0
Earth Magic    | 1 2 |  2.5

Action                   |  1- 3 |  4- 6 |  7- 9 | 10-12 | 13-15 | 16-18 | 19-21 || total
-------------------------+-------+-------+-------+-------+-------+-------+-------++-------
Melee: Kick              |     2 |     5 |     3 |    15 |    48 |    47 |    12 ||   132
       Unarmed           |     1 |       |       |       |       |       |       ||     1
       Short sword       |    12 |       |       |       |       |       |       ||    12
       Peck              |     1 |       |     4 |    10 |    33 |    29 |     9 ||    86
       Quarterstaff      |     1 |    34 |    15 |       |       |       |       ||    50
       Falchion          |       |       |       |    70 |    97 |       |       ||   167
       Staff             |       |       |       |       |   109 |   191 |    56 ||   356
Throw: Javelin           |       |     2 |       |       |       |       |       ||     2
 Cast: Flame Tongue      |    51 |   103 |    96 |   138 |   161 |    57 |       ||   606
       Conjure Flame     |       |     1 |       |     9 |     3 |     4 |       ||    17
       Sticky Flame      |       |     6 |    36 |    79 |   155 |   147 |    22 ||   445
       Throw Flame       |       |       |    50 |   147 |    57 |    34 |       ||   288
       Throw Icicle      |       |       |       |    13 |    47 |    39 |    13 ||   112
       Fireball          |       |       |       |    48 |   222 |   346 |    81 ||   697
       Confuse           |       |       |       |       |     2 |       |       ||     2
       Bolt of Magma     |       |       |       |       |    32 |    45 |    22 ||    99
       Poisonous Cloud   |       |       |       |       |     1 |     7 |     4 ||    12
       Iron Shot         |       |       |       |       |       |    90 |    28 ||   118
       Spellforged Servi |       |       |       |       |       |     2 |     3 ||     5
       Blink             |       |       |       |       |       |     2 |       ||     2
       Repel Missiles    |       |       |       |       |       |     2 |       ||     2
 Abil: Fly               |       |       |       |     1 |     2 |       |       ||     3
       Evoke Invisibilit |       |       |       |       |       |     6 |       ||     6
       Turn Visible      |       |       |       |       |       |     4 |       ||     4
Evoke: Wand              |       |       |       |       |     1 |     1 |     1 ||     3
  Use: Scroll            |       |    13 |     7 |    10 |    13 |     6 |     3 ||    52
       Potion            |       |     4 |       |       |       |     5 |     1 ||    10
 Stab: Sleeping          |     1 |     1 |     1 |     3 |     4 |     1 |       ||    11
       Invisible         |       |       |       |       |       |     5 |       ||     5
       Distracted        |       |       |       |       |       |     1 |       ||     1
  Eat: Chunk             |     1 |     8 |     9 |    32 |    60 |    10 |     5 ||   125
       Pizza             |       |     1 |       |       |       |     3 |       ||     4
       Bread ration      |       |       |     2 |     2 |       |       |     1 ||     5
       Royal jelly       |       |       |       |     2 |       |     7 |     1 ||    10
       Fruit             |       |       |       |     1 |       |       |       ||     1
       Beef jerky        |       |       |       |     2 |       |    11 |       ||    13
       Meat ration       |       |       |       |       |       |     2 |       ||     2
Armor: Robe              |     8 |     4 |    25 |    59 |    82 |   198 |    11 ||   387
       Skin              |       |    17 |       |       |       |       |       ||    17
Dodge: Dodged            |    22 |    32 |    52 |   127 |   226 |   383 |    51 ||   893
       Deflected         |       |       |       |       |       |     8 |       ||     8
Block: Buckler           |       |       |       |     2 |    76 |       |       ||    78
       Shield            |       |       |       |       |   112 |   403 |    44 ||   559
       Rpst.: Falchion   |       |       |       |    37 |    33 |       |       ||    70
